 Dungeon Crawl Stone Soup version 0.31.0-4-g52a2dc7128 (webtiles) character file.

Game seed: 7629922274083048309

452 Malachi the Ruffian (level 6, -3/55 HPs)
             Began as a Troll Shapeshifter on Jan 23, 2024.
             Was an Initiate of Ashenzari.
             Slain by a gnoll
             ... wielding a +0 flail
              (5 damage)
             ... on level 5 of the Dungeon.
             The game lasted 00:03:50 (3115 turns).

Malachi the Ruffian (Troll Shapeshifter)            Turns: 3115, Time: 00:03:51

Health: -3/55      AC:  4    Str: 25    XL:     6   Next: 75%
Magic:  5/5        EV:  9    Int:  6    God:    Ashenzari [......]
Gold:   95         SH:  0    Dex:  9    Spells: 5/5 levels left

rFire   . .          .
                       - Unarmed
rCold   . . .        (no shield)
rNeg    . . .        a - +0 animal skin
rPois   .            t - melded +0 hat of the Shattered Apathy {Comp, Self} (curse)
rElec   .            (cloak currently unavailable)
rCorr   .            (gloves unavailable)
SInv    .            (boots unavailable)
Will    .....        (no amulet)
Stlth   +            (no ring)
HPRegen 1.09/turn    (no ring)
MPRegen 0.09/turn

%: no passive effects
@: beast-form
A: beast (slay +2), large, unfitting armour, claws 3, regeneration 1, shaggy fur
1, tough skin 1
a: Begin Untransformation, Renounce Religion, Curse Item, Shatter the Chains


You were on level 5 of the Dungeon.
You worshipped Ashenzari.
Ashenzari was noncommittal.
You were a hulking beast.
You visited 1 branch of the dungeon, and saw 5 of its levels.

You collected 95 gold pieces.

Inventory:

Missiles
 f - 3 boomerangs (quivered)
 q - 2 javelins
 v - 3 large rocks
Armour
 a - a +0 animal skin (worn)
 t - the cursed +0 hat of the Shattered Apathy (melded) {Comp, Self}
   (You found it on level 1 of the Dungeon)

   It has a curse which improves the following skills: Companions: Summonings
   and Necromancy.
   Introspection: Fighting and Spellcasting.
Jewellery
 k - an amulet of guardian spirit
Talismans
 c - a beast talisman (active)
 d - a flux talisman
Scrolls
 g - 5 scrolls of identify {unknown}
 i - a scroll of amnesia {unknown}
 o - 2 scrolls of noise {unknown}
 p - a scroll of enchant armour {unknown}
 u - a scroll of blinking {unknown}
Potions
 b - 3 potions of lignification
 e - a potion of curing {unknown}
 h - 4 potions of mutation {unknown}
 j - 2 potions of experience {unknown}
 l - a potion of heal wounds {unknown}
 m - a potion of enlightenment {unknown}
 n - a potion of invisibility {unknown}
 r - a potion of resistance {unknown}
 s - 2 potions of might {unknown}


   Skills:
 + Level 1.4 Fighting
 - Level 1.5 Dodging
 + Level 0.8 Stealth
 + Level 6.4 Unarmed Combat
 + Level 4.2 Shapeshifting


You had 5 spell levels left.
You didn't know any spells.
Your spell library contained the following spells:

 Spells                   Type           Power      Damage    Failure   Level
 Ensorcelled Hibernation  Hex/Ice        0%         N/A       58%         2
 Fugue of the Fallen      Necr           0%         N/A       83%         3
 Passwall                 Erth           0%         N/A       83%         3
 Swiftness                Air            0%         N/A       83%         3
 Anguish                  Hex/Necr       0%         N/A       99%         4


Dungeon Overview and Level Annotations

Branches:
Dungeon (5/15)
 Temple: D:4-7

Altars:
Ashenzari
Qazlal


Innate Abilities, Weirdness & Mutations

You are a hulking beast.
Your limbs bulge with bestial killing power. (Slay +2)
You are too large for most types of armour.
You have claws for hands.
Your natural rate of healing is unusually fast.
You are covered in fur. (AC +1)
You have tough skin. (AC +1)


Message History

There is a shaft here.
There is a shaft here.
There is a shaft here.
There is a shaft here.
Found 4 stones. 2 gnolls come into view.
The gnoll shouts!
You hear a shout! x2
There are monsters nearby!
There are monsters nearby!
There are monsters nearby! 2 gnolls come into view.
The gnoll shouts! x2
A scorpion comes into view.
The gnoll hits you from afar with a +0 halberd.
You barely miss the gnoll. The gnoll hits you with a +0 halberd!
You claw the scorpion!
The scorpion is heavily wounded.
The scorpion stings you but does no damage.
You claw the scorpion!
You kill the scorpion!
The gnoll hits you with a +0 halberd.
You scratch the gnoll.
The gnoll is heavily wounded.
The gnoll barely misses you.
The gnoll hits you from afar with a +0 halberd!
The gnoll barely misses you. x2
You closely miss the gnoll.
The gnoll is heavily wounded.
The gnoll closely misses you.
The gnoll hits you from afar with a +0 halberd!
The gnoll barely misses you. The gnoll hits you with a +0 halberd.
You are too injured to fight recklessly!
You are too injured to fight recklessly!
The gnoll hits you from afar with a +0 halberd!
* * * LOW HITPOINT WARNING * * *
The gnoll attacks as it pursues you!
The gnoll hits you from afar with a +0 halberd!
* * * LOW HITPOINT WARNING * * *
The gnoll attacks as it pursues you! The gnoll hits you with a +0 flail.
You die...

### #. #.. #. .##
#... #.### ....
#### #....#....
..... +..
#....#....
......#.#####
#.........
.....g†.g...#
#.........
......##g...#
#......... .....
+h....######......
....
##........##......
...
#........##......
##
#........##......
#................
#........######.#
######...# #.#
#...# #.# #...#
#.#


You could see 2 gnolls.

Vanquished Creatures
  A scorpion (D:5)
  A hound (D:4)
  A jelly (D:3)
  2 orc priests
  2 iguanas (D:4)
  An orc wizard (D:4)
  11 adders
  A white imp (D:5)
  2 dart slugs (D:3)
  A ribbon worm (D:2)
  10 orcs
  4 endoplasms
  4 giant cockroaches
  9 goblins
  5 hobgoblins
  8 jackals
  6 ball pythons
  3 bats
  4 frilled lizards
  6 kobolds
  6 rats
88 creatures vanquished.

Notes
Turn   | Place    | Note
-------+----------+-------------------------------------------
     0 | D:1      | Malachi the Troll Shapeshifter began the quest for the Orb.
     0 | D:1      | Reached XP level 1. HP: 18/18 MP: 0/0
    62 | D:1      | Reached XP level 2. HP: 26/26 MP: 1/1
   905 | D:2      | Reached XP level 3. HP: 32/32 MP: 2/2
   915 | D:2      | Reached skill level 4 in Unarmed Combat
   946 | D:2      | Identified the +6 whip "Ziami" {freeze, Str+3 Dex+4}
  1146 | D:2      | Reached XP level 4. HP: 40/40 MP: 3/3
  1261 | D:2      | You fall into a shaft and drop 2 floors!
  1368 | D:4      | Reached skill level 1 in Fighting
  1373 | D:4      | Reached skill level 5 in Unarmed Combat
  1373 | D:4      | Reached XP level 5. HP: 40/48 MP: 4/4
  1998 | D:3      | Found a faded altar of an unknown god.
  2025 | D:3      | Reached XP level 6. HP: 45/55 MP: 5/5
  2085 | D:3      | Prayed at the altar of an unknown god.
  2085 | D:3      | Became a worshipper of Ashenzari the Shackled
  2766 | D:3      | Reached skill level 6 in Unarmed Combat
  3032 | D:5      | Entered Level 5 of the Dungeon
  3058 | D:5      | Found a stormy altar of Qazlal.
  3115 | D:5      | HP: 2/55 [gnoll/+0 halberd (11)]
  3115 | D:5      | Slain by a gnoll

Illustrated notes

Levels and vault maps discovered:
D:1:      dpeg_arrival_short_road, layout_basic, dreamdust_mushroom_princess
D:2:      layout_loops_ring, grunt_ministairs_14
D:3:      layout_basic, hellmonk_ecumenical_altar_arch_garden,
          minmay_increasing_density
D:4:      layout_gridville, corexii_hall_statues_t, kennysheep_donut
D:5:      layout_basic, grunt_qazlal_sundering, minmay_misc_feat_rows

Skill      XL: |  1  2  3  4  5  6 |
---------------+-------------------+-----
Unarmed Combat | 4 5 6 |  6.4
Fighting       | 1 |  1.4
Shapeshifting  | 4 |  4.2
Dodging        | |  1.5
Stealth        | |  0.8

Action                     |  1- 3 |  4- 6 || total
---------------------------+-------+-------++-------
  Melee: Unarmed           |    69 |   160 ||   229
         Punch             |     1 |     3 ||     4
 Invoke: Curse Item        |       |     1 ||     1
Ability: Begin Untransform |       |     1 ||     1
 Armour: Animal skin       |    34 |   105 ||   139
  Dodge: Dodged            |    28 |    57 ||    85
   Form: Beast             |       |     1 ||     1
